 Dungeon Crawl Stone Soup version 0.28.0-53-g5a82cb258f (webtiles) character file.

Game seed: 5570860131814770755

21 Ashen the Magician (level 2, 0/20 HPs)
             Began as a Mummy Fire Elementalist on July 24, 2022.
             Slain by a bat (1 damage)
             ... on level 2 of the Dungeon.
             The game lasted 00:02:29 (912 turns).

Ashen the Magician (Mummy Fire Elementalist)         Turns: 912, Time: 00:02:30

Health: 0/20       AC:  2    Str: 11    XL:     2   Next: 62%
Magic:  1/6        EV: 12    Int: 14    God:
Gold:   41         SH:  0    Dex: 12    Spells: 6/7 levels left

rFire   x . .      SeeInvis .   (no weapon)
rCold   + . .      Faith    .   (no shield)
rNeg    + + +      Spirit   .   a - +0 robe
rPois   ∞          Reflect  .   (no helmet)
rElec   .          Harm     .   (no cloak)
rCorr   .          Rampage  .   (no gloves)
Will    .....                   (no boots)
Stlth   ++........              (no amulet)
HPRegen 0.06/turn               (no ring)
MPRegen 0.10/turn               (no ring)

@: no status effects
A: cold resistance 1, negative energy resistance 3, torment resistance 2, heat
vulnerability 1, no potions
a: no special abilities


You were on level 2 of the Dungeon.
You visited 1 branch of the dungeon, and saw 2 of its levels.

You collected 41 gold pieces.

Inventory:

Armour
 a - a +0 robe (worn)
Wands
 e - a wand of iceblast (11)
Scrolls
 b - a scroll of identify {unknown}
 c - a scroll of vulnerability {unknown}
 d - 2 scrolls of magic mapping {unknown}
 f - a scroll of teleportation {unknown}


   Skills:
 + Level 0.6 Fighting
 + Level 1.8 Dodging
 + Level 1.8 Stealth
 + Level 3.0 Spellcasting
 + Level 1.1 Conjurations
 + Level 2.5 Fire Magic


You had 6 spell levels left.
You knew the following spells:

 Your Spells              Type           Power      Damage    Failure   Level
a - Foxfire               Conj/Fire      28%        2x1d5     10%         1

Your spell library contained the following spells:

 Spells                   Type           Power      Damage    Failure   Level
 Scorch                   Fire           18%        2d6       12%         2
 Conjure Flame            Conj/Fire      7%         6-21      30%         3
 Inner Flame              Hex/Fire       5%         N/A       36%         3
 Flame Wave               Conj/Fire      7%         2d5       69%         4


Dungeon Overview and Level Annotations

Branches:
Dungeon (2/15)

Altars:

Shops:
D:1 [[(


Innate Abilities, Weirdness & Mutations

You are immune to poison.
Your flesh is cold resistant. (rC+)
You are immune to negative energy. (rN+++)
You are immune to unholy pain and torment.
You are vulnerable to heat. (rF-)
You do not drink.


Message History

Casting: Foxfire (safe; 11% risk of failure)
Confirm with . or Enter, or press ? or * to list all spells.
You conjure some foxfire!
The adder bites you.
* * * LOW HITPOINT WARNING * * *
You closely miss the adder.
The adder is heavily wounded.
The foxfire hits the adder.
The adder is almost dead.
The foxfire hits the adder.
You kill the adder!
The bat barely misses you.
Your Spellcasting skill increases to level 3!
The bat hits you.
* * * LOW HITPOINT WARNING * * *
The bat misses you. The bat hits you.
* * * LOW HITPOINT WARNING * * *
The bat barely misses you. The bat hits you.
* * * LOW HITPOINT WARNING * * *
The bat closely misses you. The bat barely misses you.
The bat hits you but does no damage.
Casting: Foxfire (safe; 10% risk of failure)
Confirm with . or Enter, or press ? or * to list all spells.
You conjure some foxfire!
The bat hits you.
* * * LOW HITPOINT WARNING * * *
The bat hits you but does no damage.
Your foxfire dissipates!
The foxfire hits the hobgoblin.
The hobgoblin is moderately wounded.
The bat hits you.
* * * LOW HITPOINT WARNING * * *
The quokka twitches its whiskers.
The bat hits you but does no damage. The bat hits you but does no damage.
The bat closely misses you. The bat barely misses you. x2
The bat hits you but does no damage. The bat hits you.
You die...

#.........#...##........#
#...............#...#....
######..########....###..#
..........# ####.# #..#
######..#.# #.# #..# ######..#.#
#.# #..# ........#.# ##.###..#
....###.#.########......####.#
###.........g.rb@.#.###......#
..........#######.#####..##.#..#
#######.### #....<.....###.#
^..# #######..##.#..# #####
####..###... #.....>...... #
#.##..#.###### . #.##....# #
#.###.#.#


You could see a quokka, a hobgoblin and a bat.

Vanquished Creatures
  An adder (D:2)
  2 bats (D:2)
  An endoplasm (D:2)
  A giant cockroach (D:1)
  3 goblins (D:1)
  A frilled lizard (D:1)
  A kobold (D:1)
  2 rats (D:1)
12 creatures vanquished.

Vanquished Creatures (others)
  30 foxfires
30 creatures vanquished.

Grand Total: 42 creatures vanquished

Notes
Turn   | Place    | Note
-------+----------+-------------------------------------------
     0 | D:1      | Ashen the Mummy Fire Elementalist began the quest for the
                  | Orb.
     0 | D:1      | Reached XP level 1. HP: 13/13 MP: 4/4
   243 | D:1      | Found Haigitah's Antique Armour Emporium.
   286 | D:1      | Found Otott's Antique Armour Shoppe.
   382 | D:1      | Found Giphuclo's Weapon Emporium.
   560 | D:1      | Reached skill level 1 in Conjurations
   560 | D:1      | Reached XP level 2. HP: 20/20 MP: 3/5
   893 | D:2      | Reached skill level 3 in Spellcasting
   903 | D:2      | HP: 1/20 [bat (1)]
   912 | D:2      | Slain by a bat

Illustrated notes

Levels and vault maps discovered:
D:1:      matt_arrival_los_fun, layout_loops_ring, serial_shops,
          nicolae_shop_waterfront, shop_fountains, shop_fountains
D:2:      layout_loops_ring, serial_shops, shop,
          shapermc_ecumenical_altar_starsandcircs, hex_tiny

Skill      XL: |  1  2 |
---------------+-------+-----
Conjurations   | 1 |  1.1
Spellcasting   | 3 |  3.0
Fighting       | |  0.6
Dodging        | |  1.8
Stealth        | |  1.8
Fire Magic     | |  2.5

Action                   || total
-------------------------++-------
Melee: Unarmed           ||     7
 Cast: Foxfire           ||    19
Armor: Robe              ||    17
Dodge: Dodged            ||    28
